AoeStats
← ChotoPilot

Nomad

510817636Analyzed
3v3 RM · 14h ago on Oct 2, 2026· 62m 46s· 6 players
Game mode
Random Map
Map size
210×210
Population
200
Speed
Normal
Resources
Standard
Victory
Conquest
Starting age
Dark Age
Ending age
Imperial Age
RankedLock teamsTeams togetherTeam positionsShared explorationLock speedFull tech treeHidden civsTurbo modeCheats
Victory
Defeat
🇲🇽 Japanese · Mexico
806
+15
🇲🇽 Bohemians · Mexico
774
+16
🇲🇽 Bulgarians · Mexico
749
+17
🇧🇩 Georgians · Bangladesh
781
-16
🇧🇩 Magyars · Bangladesh
770
-16
🇧🇩 Franks · Bangladesh
768
-16
ChotoPilot
14:23 Feudal Age
15:48 Double-Bit Axe
25:03 Castle Age
36:16 Stone Mining
41:28 Padded Archer Armor
41:20 Fletching
41:50 Husbandry
46:46 Imperial Age
46:24 Leather Archer Armor
47:26 Ballistics
47:15 Elite Throwing Axeman
48:38 Conscription
49:07 Scale Barding Armor
49:45 Cavalier
50:49 Chain Barding Armor
51:21 Gold Mining
53:26 Plate Barding Armor
53:03 Forging
52:49 Bodkin Arrow
56:09 Paladin
58:36 Iron Casting
Ashura
5:24 Loom
15:38 Feudal Age
16:32 Double-Bit Axe
19:43 Man-at-Arms
21:44 Forging
23:15 Scale Barding Armor
23:13 Scale Mail Armor
23:04 Fletching
25:11 Padded Archer Armor
28:39 Castle Age
26:57 Stone Mining
34:57 Iron Casting
34:34 Bodkin Arrow
37:37 Wheelbarrow
38:38 Murder Holes
39:07 Ballistics
39:46 Scale Barding Armor
39:58 Leather Archer Armor
40:25 Svan Towers
bk1400
4:40 Loom
15:42 Feudal Age
21:55 Double-Bit Axe
22:26 Horse Collar
26:59 Scale Barding Armor
29:55 Castle Age
28:11 Bloodlines
31:16 Husbandry
36:49 Chain Barding Armor
36:56 Bow Saw
49:57 Corvinian Army
Eärendil
11:33 Loom
13:53 Feudal Age
14:23 Double-Bit Axe
15:45 Fishing Lines
22:00 Castle Age
19:48 Town Watch
20:43 Wheelbarrow
20:20 Town Watch
20:53 Horse Collar
22:50 Heavy Plow
23:02 Bow Saw
22:55 Husbandry
24:34 Fletching
27:15 Murder Holes
28:21 Chemistry
29:09 Bodkin Arrow
29:15 Padded Archer Armor
30:25 Gillnets
31:58 Masonry
32:56 Hand Cart
34:06 Ballistics
36:20 Elite Skirmisher
40:49 Town Patrol
44:48 Pikeman
48:08 Forging
47:58 Scale Mail Armor
48:14 Leather Archer Armor
50:52 Iron Casting
50:32 Chain Mail Armor
57:43 Imperial Age
57:50 Imperial Age
57:45 Scale Barding Armor
58:36 Bracer
joelsc22
3:29 Loom
17:04 Feudal Age
17:27 Fishing Lines
18:02 Arson
21:49 Wheelbarrow
23:03 Town Watch
28:16 Forging
28:07 Scale Mail Armor
32:17 Castle Age
30:10 Gold Mining
30:10 Stone Mining
34:22 Gold Shaft Mining
34:22 Stone Shaft Mining
33:55 Caravan
34:11 Gambesons
36:42 Double-Bit Axe
37:50 Husbandry
39:16 Iron Casting
38:46 Scale Barding Armor
41:46 Horse Collar
42:34 Bloodlines
41:44 Light Cavalry
43:52 Scale Barding Armor
43:41 Fletching
46:24 Hand Cart
48:25 Chain Barding Armor
48:24 Chain Mail Armor
49:15 Bodkin Arrow
49:20 Padded Archer Armor
50:07 Bow Saw
51:41 Coinage
52:09 Town Patrol
52:48 Stirrups
57:53 Imperial Age
59:54 Ballistics
60:34 Chemistry
59:31 Murder Holes
60:40 Blast Furnace
60:15 Plate Barding Armor
59:12 Cavalier
59:13 Light Cavalry
60:20 Conscription
59:25 Elite Konnik
Shonedrache
12:26 Loom
15:09 Feudal Age
15:44 Double-Bit Axe
16:58 Wheelbarrow
15:48 Man-at-Arms
16:16 Arson
16:52 Gold Mining
22:39 Fishing Lines
23:10 Stone Mining
23:37 Fletching
24:01 Forging
23:53 Scale Mail Armor
23:42 Horse Collar
26:09 Castle Age
27:15 Heavy Plow
27:25 Bodkin Arrow
28:06 Iron Casting
28:52 Hand Cart
28:50 Bow Saw
29:40 Gillnets
31:00 Chain Mail Armor
34:13 Fervor
35:42 Treadmill Crane
36:24 Ballistics
36:10 Murder Holes
36:56 Gold Shaft Mining
40:05 Imperial Age
38:18 Masonry
41:39 Conscription
42:30 Chemistry
41:33 Bracer
42:34 Blast Furnace
42:05 Plate Mail Armor
42:21 Elite Samurai
44:13 Kataparuto
45:15 Hoardings
49:37 Padded Archer Armor
49:47 Siege Engineers
Connection lost

Rejoining the realm…

Still unreachable

The connection could not be restored.

Session expired

The server has moved on; the page needs a fresh start.